 Dungeon Crawl Stone Soup version 0.22.0 (webtiles) character file.

2246 azisjoha the Cudgeler (level 9, -7/74 HPs)
             Began as a Gnoll Berserker on Oct 12, 2018.
             Was a Priest of Trog.
             Mangled by an orc warrior
             ... wielding a +0 trident of pain
              (17 damage)
             ... on level 7 of the Dungeon.
             The game lasted 00:58:21 (7003 turns).

azisjoha the Cudgeler (Gnoll Berserker)             Turns: 7003, Time: 00:58:21

Health: -7/74      AC:  7    Str: 22    XL:     9   Next: 37%
Magic:  15/15      EV: 13    Int:  9    God:    Trog [***...]
Gold:   327        SH:  0    Dex: 16    Spells: 16/16 levels left

rFire    + . .     SeeInvis .   A - -3 flail (curse)
rCold    . . .     Gourm    .   (no shield)
rNeg     . . .     Faith    .   E - +0 ring mail {rF+}
rPois    .         Spirit   .   C - +0 helmet (curse)
rElec    .         Reflect  .   (no cloak)
rCorr    .         Harm     .   (no gloves)
MR       .....     Rnd*Tele +   (no boots)
Stlth    ++........             (no amulet)
HPRegen  0.22/turn              k - -2 ring of evasion (curse)
MPRegen  0.14/turn              y - ring of teleportation (curse)

@: berserk cooldown, slowed, very slow
A: distributed training, fangs 1, strong nose
a: Berserk, Trog's Hand, Renounce Religion


You were on level 7 of the Dungeon.
You worshipped Trog.
Trog was most pleased with you.
You were not hungry.

You visited 1 branch of the dungeon, and saw 7 of its levels.

You collected 327 gold pieces.

Inventory:

Hand Weapons
 a - a +0 mace
 A - a cursed -3 flail (weapon)
 F - a +0 hunting sling of freezing
 S - a +0 shortbow
Missiles
 b - 168 stones
 g - 91 arrows
 m - 97 bolts
 B - 18 sling bullets
 I - 3 steel tomahawks
 L - 3 throwing nets
 P - 4 javelins (quivered)
Armour
 v - a +0 scale mail
 C - a cursed +0 helmet (worn)
 E - a +0 ring mail of fire resistance (worn)
 H - a +1 helmet
 M - a +0 plate armour
 O - a +0 chain mail
Jewellery
 j - a +3 ring of intelligence {unknown}
 k - a cursed -2 ring of evasion (left hand)
 s - an uncursed ring of poison resistance
 y - a cursed ring of teleportation (right hand)
Wands
 e - a wand of clouds (6)
 G - a wand of acid (9)
Scrolls
 d - a scroll of teleportation
 f - 2 scrolls of fear
 i - a scroll of fog {unknown}
 l - a scroll of remove curse {unknown}
 p - 2 scrolls of noise
 N - a scroll of blinking {unknown}
Potions
 h - 4 potions of brilliance {unknown}
 n - a potion of heal wounds {unknown}
 o - 4 potions of curing {unknown}
 q - 3 potions of lignification {unknown}
 r - a potion of degeneration {unknown}
 t - a potion of ambrosia {unknown}
 w - a potion of might
 x - 2 potions of mutation {unknown}
 z - a potion of haste {unknown}
 D - a potion of agility
 J - a potion of cancellation {unknown}
 K - a potion of invisibility {unknown}
 Q - a potion of berserk rage {unknown}
Comestibles
 c - 2 rations


   Skills:
 + Level 7.8 Fighting
 + Level 4.1 Short Blades
 + Level 4.1 Long Blades
 + Level 4.1 Axes
 + Level 7.8 Maces & Flails
 + Level 4.1 Polearms
 + Level 4.1 Staves
 + Level 4.1 Slings
 + Level 4.1 Bows
 + Level 4.1 Crossbows
 + Level 4.1 Throwing
 + Level 6.2 Armour
 + Level 6.2 Dodging
 + Level 4.1 Stealth
 + Level 4.1 Shields
 + Level 4.1 Unarmed Combat
 + Level 4.1 Spellcasting
 + Level 3.3 Conjurations
 + Level 3.3 Hexes
 + Level 3.3 Charms
 + Level 3.3 Summonings
 + Level 3.3 Necromancy
 + Level 3.3 Translocations
 + Level 3.3 Transmutations
 + Level 3.3 Fire Magic
 + Level 3.3 Ice Magic
 + Level 3.3 Air Magic
 + Level 3.3 Earth Magic
 + Level 3.3 Poison Magic
 + Level 4.5 Invocations
 + Level 4.1 Evocations


You had 16 spell levels left.
You didn't know any spells.
Your spell library contained the following spells:

 Spells                   Type           Power        Failure   Level  Hunger
 Apportation              Tloc           #.....       11%         1    #......
 Confuse                  Hex            #.......     30%         3    ###....
 Summon Small Mammal      Summ           #...         11%         1    #......
 Animate Skeleton         Necr           N/A          11%         1    #......
 Tukima's Dance           Hex            #.......     30%         3    ###....
 Confusing Touch          Hex            #.....       11%         1    #......
 Ensorcelled Hibernation  Hex/Ice        #.....       16%         2    ###....
 Corona                   Hex            #......      11%         1    #......
 Dazzling Spray           Conj/Hex       #.....       30%         3    ###....


Dungeon Overview and Level Annotations

Branches:
Dungeon (7/15)             Temple (0/1) D:5

Altars:
Ashenzari
Elyvilon
Fedhas
Uskayaw
Zin
The Shining One


Innate Abilities, Weirdness & Mutations

Your experience applies equally to all skills.
You have very sharp teeth.
Your uncanny sense of smell can sniff out nearby items.


Message History

The orc warrior closely misses you.
You eat one of the 3 rations.
That ration really hit the spot!
The orc wizard closely misses you.
The orc warrior hits you from afar with a trident of pain.
* * * LOW HITPOINT WARNING * * *
The orc wizard gestures at you while chanting.
The puff of frost misses you.
Aiming: Corrosive Bolt
Press: ? - help, Shift-Dir - straight line, f - orc
Aim: an orc, wielding a flail The bolt of acid hits the orc wizard.
The orc wizard is splashed with acid.
You kill the orc wizard!
Trog accepts your kill.
Trog appreciates your killing of a magic user.
The bolt of acid hits the orc warrior.
The orc warrior is splashed with acid.
The acid corrodes the orc warrior!
The orc warrior is severely wounded.
The bolt of acid misses the orc.
The orc warrior hits you from afar with a trident of pain!
You die...

.# #......#∆ # #......#
#......# #......#
#......#.#.#
#.....o#.#.#
#....oo#.#.#######
#)#.#......)
#######@#.......#
#...............+
#...............#
#...............#######
#######+#.#...........#
#.#..^..<.....#
#.#...........#
#.#...).......#
#.+...........#


You could see an orc warrior and 2 orcs.

Vanquished Creatures
  A troll (D:6)
  Sigmund (D:5)
  Menkaure (D:4)
  A water moccasin (D:6)
  An ice beast (D:6)
  A phantom (D:5)
  4 ogres
  2 centaurs (D:6)
  A bullfrog (D:6)
  A howler monkey (D:6)
  An orc priest (D:7)
  3 hounds
  A gnoll shaman (D:6)
  9 orc wizards
  A bullfrog skeleton (D:5)
  4 worker ants
  2 hound skeletons
  Robin (D:4)
  3 adders
  9 gnolls
  2 shadow imps
  An adder zombie (D:6)
  3 worms
  2 dart slugs
  3 leopard geckos
  17 orcs
  2 ball pythons
  8 bats
  9 giant cockroaches
  11 goblins
  9 hobgoblins
  2 jackals (D:1)
  2 quokkas
  A ball python skeleton (D:4)
  6 frilled lizards
  4 kobolds
  A leopard gecko zombie (D:6)
  5 rats
136 creatures vanquished.

Vanquished Creatures (collateral kills)
  An orc warrior (D:6)
  An orc wizard (D:6)
  3 gnolls (D:6)
  An orc (D:6)
6 creatures vanquished.

Grand Total: 142 creatures vanquished

Notes
Turn   | Place    | Note
-------+----------+-------------------------------------------
     0 | D:1      | azisjoha the Gnoll Berserker began the quest for the Orb.
     0 | D:1      | Reached XP level 1. HP: 23/23 MP: 1/1
    58 | D:1      | Reached XP level 2. HP: 27/29 MP: 2/2
   382 | D:1      | Reached XP level 3. HP: 35/35 MP: 3/3
   426 | D:1      | Reached ** piety under Trog
   690 | D:2      | Found a shattered altar of Ashenzari.
   975 | D:2      | Found a white marble altar of Elyvilon.
   976 | D:2      | Found a glowing golden altar of the Shining One.
   977 | D:2      | Found a glowing silver altar of Zin.
  1027 | D:2      | Reached skill level 1 in Invocations
  1622 | D:3      | Reached skill level 1 in Short Blades
  1622 | D:3      | Reached skill level 1 in Long Blades
  1622 | D:3      | Reached skill level 1 in Axes
  1622 | D:3      | Reached skill level 1 in Polearms
  1622 | D:3      | Reached skill level 1 in Staves
  1622 | D:3      | Reached skill level 1 in Slings
  1622 | D:3      | Reached skill level 1 in Bows
  1622 | D:3      | Reached skill level 1 in Crossbows
  1622 | D:3      | Reached skill level 1 in Throwing
  1622 | D:3      | Reached skill level 1 in Stealth
  1622 | D:3      | Reached skill level 1 in Shields
  1622 | D:3      | Reached skill level 1 in Unarmed Combat
  1622 | D:3      | Reached skill level 1 in Spellcasting
  1622 | D:3      | Reached skill level 1 in Evocations
  1704 | D:3      | Reached XP level 4. HP: 34/41 MP: 5/5
  2217 | D:4      | Reached skill level 1 in Conjurations
  2217 | D:4      | Reached skill level 1 in Hexes
  2217 | D:4      | Reached skill level 1 in Charms
  2217 | D:4      | Reached skill level 1 in Summonings
  2217 | D:4      | Reached skill level 1 in Necromancy
  2217 | D:4      | Reached skill level 1 in Translocations
  2217 | D:4      | Reached skill level 1 in Transmutations
  2217 | D:4      | Reached skill level 1 in Fire Magic
  2217 | D:4      | Reached skill level 1 in Ice Magic
  2217 | D:4      | Reached skill level 1 in Air Magic
  2217 | D:4      | Reached skill level 1 in Earth Magic
  2217 | D:4      | Reached skill level 1 in Poison Magic
  2269 | D:4      | Reached *** piety under Trog
  2273 | D:4      | Reached XP level 5. HP: 25/47 MP: 6/6
  2858 | D:4      | Reached XP level 6. HP: 43/53 MP: 8/8
  3079 | D:4      | Noticed Robin
  3090 | D:4      | Killed Robin
  3165 | D:4      | Found a hide-covered altar of Uskayaw.
  3196 | D:4      | Noticed Menkaure
  3203 | D:4      | Killed Menkaure
  3203 | D:4      | Reached skill level 5 in Armour
  3203 | D:4      | Reached skill level 5 in Dodging
  3485 | D:5      | Entered Level 5 of the Dungeon
  3717 | D:5      | Reached XP level 7. HP: 35/59 MP: 10/10
  4418 | D:5      | Found a staircase to the Ecumenical Temple.
  4520 | D:5      | Noticed Sigmund
  4531 | D:5      | Killed Sigmund
  4531 | D:5      | Reached XP level 8. HP: 67/67 MP: 10/12
  4590 | D:5      | Found a blossoming altar of Fedhas.
  5196 | D:6      | Reached **** piety under Trog
  5331 | D:6      | Noticed a troll
  5339 | D:6      | Killed a troll
  5339 | D:6      | Reached XP level 9. HP: 59/72 MP: 14/14
  7003 | D:7      | Mangled by an orc warrior

Skill      XL: |  1  2  3  4  5  6  7  8  9 |
---------------+----------------------------+-----
Invocations    | 1 2 3 4 |  4.5
Short Blades   | 1 2 3 4 |  4.1
Long Blades    | 1 2 3 4 |  4.1
Axes           | 1 2 3 4 |  4.1
Polearms       | 1 2 3 4 |  4.1
Staves         | 1 2 3 4 |  4.1
Slings         | 1 2 3 4 |  4.1
Bows           | 1 2 3 4 |  4.1
Crossbows      | 1 2 3 4 |  4.1
Throwing       | 1 2 3 4 |  4.1
Stealth        | 1 2 3 4 |  4.1
Shields        | 1 2 3 4 |  4.1
Unarmed Combat | 1 2 3 4 |  4.1
Spellcasting   | 1 2 3 4 |  4.1
Evocations     | 1 2 3 4 |  4.1
Conjurations   | 1 2 3 |  3.3
Hexes          | 1 2 3 |  3.3
Charms         | 1 2 3 |  3.3
Summonings     | 1 2 3 |  3.3
Necromancy     | 1 2 3 |  3.3
Translocations | 1 2 3 |  3.3
Transmutations | 1 2 3 |  3.3
Fire Magic     | 1 2 3 |  3.3
Ice Magic      | 1 2 3 |  3.3
Air Magic      | 1 2 3 |  3.3
Earth Magic    | 1 2 3 |  3.3
Poison Magic   | 1 2 3 |  3.3
Armour         | 5 6 |  6.2
Dodging        | 5 6 |  6.2
Fighting       | 7 |  7.8
Maces & Flails | 7 |  7.8

Action                   |  1- 3 |  4- 6 |  7- 9 || total
-------------------------+-------+-------+-------++-------
Melee: Mace              |   125 |    50 |       ||   175
       Bite              |    15 |    27 |    12 ||    54
       Punch             |       |     1 |     3 ||     4
       Flail             |       |   136 |   142 ||   278
Throw: Throwing net      |       |     2 |       ||     2
       Javelin           |       |     2 |    64 ||    66
       Stone             |       |       |     8 ||     8
Invok: Berserk           |       |     4 |     6 ||    10
       Trog's Hand       |       |     1 |     6 ||     7
       Brothers in Arms  |       |       |     1 ||     1
Evoke: Wand              |       |       |     1 ||     1
  Use: Scroll            |       |     1 |     3 ||     4
 Stab: Sleeping          |     1 |     1 |     1 ||     3
  Eat: Chunk             |     3 |     5 |     5 ||    13
       Ration            |       |     4 |     2 ||     6
Armor: Ring mail         |    30 |    16 |    60 ||   106
       Scale mail        |    15 |    75 |       ||    90
Dodge: Dodged            |    62 |   132 |   113 ||   307
